Map: Submarine LE

Players

Serral - Winner!

  • Race: Zerg Zerg
  • Spawn Location: 5:00

Stats

  • Race: Protoss Protoss
  • Spawn Location: 11:00

Event: DreamHack SC2 Masters 2020 Winter

VOD

Have the link to the VOD?

Description

Time

  • Played on: Nov. 15, 2020, 12:22 p.m.
  • Length: 11:02

All games in this series

Show
View Real Time Build Order
Export as new Build Order

Serral Zerg - Winner!

Build Orders: Pool First 

Get SALT Encoding   

  12  0:17  Spawning Pool  
  11  0:21  Drone  
  11  0:26  Drone  
  13  0:30  Drone  
  14  0:39  Overlord  
  15  1:04  Queen, Zergling x4  
  15  1:05  Zergling x2  
  19  1:15  Zergling x2  
  20  1:28  Zergling x2  
  20  1:32  Hatchery  
  20  1:40  Overlord  
  20  1:47  Drone  
  21  1:59  Queen  
  23  2:03  Drone  
  23  2:19  Drone  
  23  2:20  Drone x3  
  27  2:31  Overlord  
  27  2:36  Queen  
  29  2:41  Zergling x2  
  30  2:45  Drone  
  30  2:51  Drone  
  32  2:52  Drone x3  
  32  2:56  Drone  
  36  3:02  Extractor  
  36  3:03  Drone  
  36  3:09  Drone  
  36  3:11  Queen  
  39  3:19  Overlord  
  38  3:20  Drone x2  
  38  3:22  Drone  
  41  3:28  Drone x2  
  43  3:47  Zergling x2  
  41  3:51  Drone x2  
  41  3:53  Queen  
  44  3:56  Zergling x2  
  44  3:57  Drone  
  44  3:59  Drone  
  44  4:01  Drone  
  48  4:03  Drone  
  48  4:04  Hatchery  
  48  4:07  Metabolic Boost  
  48  4:14  Roach Warren  
  48  4:15  Drone  
  48  4:16  Drone  
  49  4:20  Overlord  
  49  4:24  Overlord  
  49  4:27  Zergling x4  
  51  4:33  Zergling x2  
  51  4:37  Extractor  
  51  4:39  Zergling x2  
  51  4:40  Zergling x6  
  55  4:47  Drone x2  
  55  4:48  Drone  
  58  4:55  Hatchery, Roach  
  58  4:56  Roach x2  
  63  5:02  Roach x2  
  63  5:07  Overlord  
  67  5:10  Overlord x2  
  67  5:14  Drone  
  67  5:15  Spore Crawler  
  67  5:23  Overlord  
  67  5:26  Overlord  
  67  5:29  Roach  
  67  5:30  Roach x3  
  67  5:33  Zergling x6  
  78  5:39  Lair  
  78  5:41  Extractor  
  77  5:44  Drone x2  
  80  5:50  Drone  
  80  5:51  Drone x3  
  80  5:56  Drone  
  84  6:01  Evolution Chamber, Drone  
  84  6:02  Drone x2  
  86  6:04  Overlord  
  86  6:08  Queen  
  86  6:10  Overlord  
  87  6:14  Roach  
  89  6:20  Roach x2  
  89  6:21  Roach  
  95  6:27  Zerg Missile Weapons Level 1  
  95  6:30  Overlord  
  95  6:35  Overlord  
  95  6:39  Glial Reconstitution  
  95  6:42  Roach x3  
  95  6:43  Roach  
  102  6:53  Drone x2  
  102  6:54  Drone x3  
  106  6:56  Drone x2  
  106  6:57  Drone  
  106  7:00  Drone x3, Overseer  
  113  7:07  Extractor  
  113  7:08  Extractor, Overlord  
  111  7:09  Roach x3  
  111  7:15  Overlord  
  117  7:22  Drone x4  
  121  7:27  Drone x2  
  122  7:31  Extractor  
  122  7:32  Drone  
  122  7:34  Drone x2  
  124  7:37  Roach  
  124  7:41  Baneling Nest  
  124  7:43  Roach x4  
  131  7:46  Hatchery  
  131  7:49  Ravager x4  
  131  7:51  Ravager  
  135  7:58  Ravager x2  
  134  8:01  Overlord  
  134  8:04  Drone x3  
  136  8:09  Overlord  
  136  8:15  Overseer  
  136  8:18  Overlord  
  136  8:19  Drone x8  
  145  8:20  Drone  
  145  8:21  Zerg Melee Weapons Level 1  
  145  8:24  Zergling x2  
  145  8:26  Baneling x7  
  146  8:31  Centrifical Hooks  
  144  8:36  Roach  
  144  8:37  Roach x2, Zergling x18  
  144  8:39  Baneling x3  
  144  8:40  Baneling  
  142  8:45  Roach x2  
  146  8:52  Roach  
  146  8:54  Baneling x6  
  148  8:56  Baneling  
  148  8:57  Zergling x2  
  148  8:58  Zergling x4  
  151  9:03  Zergling x2  
  151  9:04  Zergling x18  
  159  9:13  Zergling x8  
  161  9:22  Overlord  
  161  9:23  Zergling x2  
  161  9:24  Zergling x4  
  164  9:31  Drone  
  164  9:32  Drone x5  
  164  9:34  Overlord  
  164  9:36  Overlord  
  164  9:37  Overlord x2  
  170  9:43  Baneling x24  
  170  9:44  Infestation Pit  
  169  9:47  Overlord  
  169  9:50  Overlord  
  169  9:51  Zergling x2  
  169  9:52  Zergling x6  
  173  9:53  Ravager x3  
  173  9:59  Zergling x12  
  181  10:11  Zergling x12  
  181  10:12  Zergling x14  
  190  10:26  Drone x3  
  192  10:28  Drone  
  192  10:35  Zergling x14  
  200  10:41  Zergling x18  
Show
View Real Time Build Order
Export as new Build Order

Stats Protoss 

Build Orders:  

Get SALT Encoding   

  12  0:01  Probe  
  13  0:13  Pylon  
  13  0:18  Probe (Chrono Boost)  
  14  0:27  Probe (Chrono Boost)  
  15  0:32  Probe  
  16  0:40  Gateway  
  16  0:45  Probe  
  16  0:47  Assimilator  
  18  0:57  Probe  
  18  1:09  Probe  
  18  1:10  Pylon  
  19  1:15  Gateway  
  19  1:21  Probe  
  19  1:22  Pylon  
  20  1:27  Pylon  
  20  1:28  Zealot (Chrono Boost)  
  22  1:38  Cybernetics Core  
  22  1:42  Probe  
  23  1:54  Zealot (Chrono Boost)  
  25  2:12  Adept (Chrono Boost)  
  29  2:21  Warp Gate, Adept (Chrono Boost), Probe  
  27  2:33  Nexus  
  27  2:36  Probe  
  28  2:42  Pylon  
  28  2:53  Pylon  
  28  3:01  Probe  
  29  3:12  Assimilator  
  29  3:13  Probe (Chrono Boost)  
  29  3:15  Twilight Council  
  30  3:23  Probe (Chrono Boost)  
  30  3:24  Adept  
  33  3:28  Probe (Chrono Boost)  
  33  3:30  Adept  
  36  3:40  Probe  
  37  3:52  Probe (Chrono Boost)  
  37  3:53  Resonating Glaives  
  37  3:58  Probe (Chrono Boost)  
  37  4:00  Gateway  
  37  4:01  Probe (Chrono Boost)  
  38  4:05  Probe (Chrono Boost)  
  38  4:06  Probe (Chrono Boost)  
  40  4:14  Adept x2  
  45  4:18  Probe (Chrono Boost)  
  45  4:22  Probe (Chrono Boost)  
  46  4:26  Pylon  
  46  4:27  Probe (Chrono Boost)  
  46  4:30  Probe (Chrono Boost)  
  48  4:31  Robotics Facility  
  48  4:35  Pylon  
  48  4:41  Probe x2  
  50  4:48  Pylon  
  50  4:54  Probe x2  
  50  4:56  Adept x3  
  58  5:02  Assimilator  
  58  5:06  Probe x2  
  60  5:08  Pylon  
  60  5:10  Assimilator  
  60  5:19  Warp Prism (Chrono Boost)  
  60  5:21  Stalker  
  64  5:26  Probe  
  64  5:27  Probe  
  66  5:42  Robotics Bay  
  66  5:44  Probe x2  
  66  5:45  Stalker  
  66  5:47  Adept x2  
  74  5:55  Observer (Chrono Boost)  
  75  5:57  Probe x2  
  77  6:12  Adept x3  
  77  6:16  Shield Battery  
  77  6:17  Pylon  
  83  6:25  Nexus, Probe  
  83  6:26  Probe  
  85  6:33  Gravitic Drive (Chrono Boost), Disruptor (Chrono Boost)  
  85  6:39  Pylon x2  
  88  6:40  Adept  
  88  6:42  Probe  
  91  6:49  Probe  
  92  6:54  Probe  
  92  6:57  Shield Battery  
  92  6:58  Disruptor (Chrono Boost)  
  93  7:01  Probe  
  93  7:06  Probe  
  93  7:08  Forge  
  98  7:13  Probe  
  99  7:18  Probe  
  99  7:22  Sentry  
  102  7:23  Sentry  
  102  7:24  Sentry  
  102  7:25  Probe  
  104  7:30  Probe  
  104  7:36  Colossus (Chrono Boost)  
  105  7:37  Protoss Ground Weapons Level 1 (Chrono Boost), Probe  
  105  7:38  Probe  
  105  7:42  Probe  
  105  7:43  Blink  
  105  7:44  Gateway  
  114  7:46  Gateway  
  114  7:49  Probe  
  114  7:50  Probe  
  116  7:54  Probe  
  117  8:02  Probe x2  
  117  8:03  Assimilator  
  117  8:04  Assimilator  
  117  8:06  Gateway  
  117  8:07  Probe  
  117  8:09  Gateway  
  117  8:11  Gateway  
  118  8:14  Sentry x2  
  118  8:17  Photon Cannon  
  122  8:20  Stalker  
  124  8:29  Pylon  
  122  8:42  Pylon  
  122  8:43  Pylon  
  122  8:44  Extended Thermal Lance  
  122  8:45  Pylon  
  128  8:57  Stalker x2  
  132  9:03  Colossus (Chrono Boost)  
  132  9:15  Probe x3  
  130  9:18  Stalker x3  
  130  9:19  Stalker x3  
  142  9:32  Robotics Facility  
  142  9:40  Sentry x2  
  146  9:49  Photon Cannon  
  146  9:55  Nexus  
  146  9:56  Pylon  
  146  10:13  Stalker x4  
  146  10:14  Stalker  
Tags
 
Add a new tag
Caveats
  • Supply blocks, unpowered buildings, or Contaminate may cause inaccurate times.
  • Supply counts are checked every 10 seconds.